 Dungeon Crawl Stone Soup version 0.29-a0-700-g2f1814c7b2 (webtiles) character file.

Game seed: 14825553866664707101

10 IdlyInterested the Poker (level 2, -3/22 HPs)
             Began as a Demonspawn Gladiator on June 26, 2022.
             Slain by a worm (8 damage)
             ... on level 2 of the Dungeon.
             The game lasted 00:02:39 (707 turns).

IdlyInterested the Poker (Demonspawn Gladiator)      Turns: 707, Time: 00:02:39

Health: -3/22      AC:  3    Str: 14    XL:     2   Next: 10%
Magic:  2/2        EV: 12    Int:  9    God:
Gold:   88         SH:  0    Dex: 14    Spells: 1/1 levels left

rFire   . . .      SeeInvis .   a - +0 trident
rCold   . . .      Faith    .   (no shield)
rNeg    . . .      Spirit   .   b - +0 leather armour
rPois   .          Reflect  .   (helmet restricted)
rElec   .          Harm     .   (no cloak)
rCorr   .          Rampage  .   (no gloves)
Will    .....                   (no boots)
Stlth   +.........              (no amulet)
HPRegen 0.07/turn               (no ring)
MPRegen 0.08/turn               (no ring)

@: no status effects
A: antennae 1
a: no special abilities


You were on level 2 of the Dungeon.
You visited 1 branch of the dungeon, and saw 2 of its levels.

You collected 88 gold pieces.

Inventory:

Hand Weapons
 a - a +0 trident (weapon)
Missiles
 d - 3 throwing nets (quivered)
 e - a javelin
Armour
 b - a +0 leather armour (worn)
Potions
 f - a potion of heal wounds
 k - a potion of brilliance


   Skills:
 - Level 2.0 Fighting
 + Level 2.8 Polearms
 - Level 1.7 Throwing
 * Level 0.8 Armour
 - Level 2.6 Dodging
 * Level 1.0 Summonings


You had one spell level left.
You didn't know any spells.
Your spell library contained the following spells:

 Spells                   Type           Power      Damage    Failure   Level
 Scorch                   Fire           0%         2d5       58%         2
 Flame Wave               Conj/Fire      0%         2d4       99%         4
 Summon Cactus Giant      Summ           0%         N/A       100%        6


Dungeon Overview and Level Annotations

Branches:
Dungeon (2/15)

Altars:

Shops:
D:1 =


Innate Abilities, Weirdness & Mutations

You have a pair of small antennae on your head.


Message History

The goblin is moderately wounded.
The goblin misses you.
You puncture the goblin!
You kill the goblin!
Your Summonings skill increases to level 1!
You see here a +0 dagger.
You drop a +0 helmet.
You feel a little less clever now.
A frilled lizard comes into view.
The frilled lizard hisses angrily.
The frilled lizard hisses angrily.
You see here 15 gold pieces.
The frilled lizard bites you.
* * * LOW HITPOINT WARNING * * *
You hit the frilled lizard.
You kill the frilled lizard!
You start resting.
You flicker for a moment.
You now have 88 gold pieces (gained 15).
A worm comes into view.
A worm is nearby!
You are starting to lose your buoyancy.
You flicker back into view.
Reach: a) +0 trident
Press: ? - help, Dir - move target, f - worm
Aim: a worm (about 22% to evade your +0 trident)
You reach to attack!
You hit the worm.
The worm is moderately wounded.
Reach: a) +0 trident
Press: ? - help, Dir - move target, f/p - worm
Aim: a worm (moderately wounded, about 22% to evade your +0 trident)
You reach to attack!
You hit the worm.
The worm is heavily wounded.
You hit the worm.
The worm is heavily wounded.
The worm misses you.
You hit the worm.
The worm is heavily wounded.
You float gracefully downwards.
The worm bites you!
You die...

#..........# ..#
#.....$....# ...
#..........#######.#
#).................
#........##.....#
#.....[..##...<.#.#
#?.$.......#.......#
#..........#...#####
#..........@w.##
...........#..#
#..........#..#
##....>.......#
##.......#.#.#
###.##....#.# #.
#.#.##.# #. #.#.....
#.......


You could see a worm.

Vanquished Creatures
  A dart slug (D:1)
  An endoplasm (D:2)
  A goblin (D:2)
  2 bats
  3 frilled lizards
  A kobold (D:1)
9 creatures vanquished.

Notes
Turn   | Place    | Note
-------+----------+-------------------------------------------
     0 | D:1      | IdlyInterested the Demonspawn Gladiator began the quest for
                  | the Orb.
     0 | D:1      | Reached XP level 1. HP: 16/16 MP: 1/1
    33 | D:1      | Found Ylusk's One-of-a-Kind Rings.
   681 | D:2      | Gained mutation: You have a pair of small antennae on your
                  | head. [demonic ancestry]
   681 | D:2      | Reached XP level 2. HP: 4/22 MP: 2/2
   683 | D:2      | Reached skill level 1 in Summonings
   707 | D:2      | Slain by a worm

Illustrated notes

Levels and vault maps discovered:
D:1:      dpeg_arrival_rhombus, layout_loops_ring, st_stairs_10,
          hangedman_abyss_or_decor_stabs, nicolae_shop_unique_rings
D:2:      layout_rooms, uniq_robin

Skill      XL: |  1  2 |
---------------+-------+-----
Summonings     | 1 |  1.0
Fighting       | |  2.0
Polearms       | |  2.8
Throwing       | |  1.7
Armour         | |  0.8
Dodging        | |  2.6

Action                   || total
-------------------------++-------
Melee: Trident           ||    26
  Use: Scroll            ||     3
       Potion            ||     3
 Stab: Sleeping          ||     1
Armor: Leather armour    ||     4
Dodge: Dodged            ||    14

Table legend: (Time is in decaauts)
 A = Elapsed time spent in this place.
 B = Non-inter-level travel time spent in this place.
 C = Inter-level travel time spent in this place.
 D = Time resting spent in this place.
 E = Time spent auto-exploring this place.
 F = Levels seen in this place.
 G = Mean time per level.
                   A        B        C        D        E       F      G
               +--------+--------+--------+--------+--------+-----+--------+
         Total |    711 |    699 |     12 |     25 |    545 |   2 |  355.5 |
       Dungeon |    711 |    699 |     12 |     25 |    545 |   2 |  355.5 |
               +--------+--------+--------+--------+--------+-----+--------+

Top non-repeatable levels by time:
     D:1: 668 daAuts
     D:2: 42 daAuts
